| TOP OF THE 1ST |
|
Jacksonville Suns batting - Pitching for Savannah Indians : RHP Jeffrey Horne
|
|
Pitching: RHP Jeffrey Horne
|
|
|
Batting: RHB Lyle Brackenridge
|
0-0: Called Strike 0-1: Foul Ball, location: 2F 0-2: Ball 1-2: Foul Ball, location: 2F 1-2: Ball 2-2: Ball 3-2: Foul Ball, location: 2F 3-2: Base on Balls
|
|
Batting: RHB Jeff Spisok
|
0-0: Swinging Strike 0-1: Foul Ball, location: 2F 0-2: Ball 1-2: Ball 2-2: Foul Ball, location: 2F 2-2: Strikes out swinging
|
|
Batting: LHB Andy Carlton
|
0-0: 2-RUN HOME RUN (Flyball, 9LD, EV 104.4 MPH), Distance : 361 ft
|
|
Batting: RHB Edward Packard
|
0-0: Ball 1-0: Ball 2-0: Swinging Strike 2-1: Foul Ball, location: 2F 2-2: Strikes out swinging
|
|
Batting: LHB Pete M O'Brien
|
0-0: Foul Ball, location: 2F 0-1: Ball 1-1: Foul Ball, location: 2F 1-2: Ground out 5-3 (Groundball, 56S, EV 80.0 MPH)
|
| Top of the 1st over - 2 runs, 1 hit, 0 errors, 0 left on base; Jacksonville 2 - Savannah 0 |
| BOTTOM OF THE 1ST |
|
Savannah Indians batting - Pitching for Jacksonville Suns : LHP Stephen Hartery
|
|
Pitching: LHP Stephen Hartery
|
|
|
Batting: RHB Angel Salazar
|
0-0: Called Strike 0-1: Ball 1-1: Ball 2-1: Swinging Strike 2-2: Ball 3-2: Base on Balls
|
|
Batting: LHB Kelvin Torve
|
0-0: Called Strike 0-1: Fielders Choice at 2nd, 6-4 (Groundball, 6M, EV 84.4 MPH)
|
|
Batting: RHB Jim Paciorek
|
0-0: Ball 1-0: Ball 2-0: SINGLE (Groundball, 4MD, EV 100.0 MPH) Kelvin Torve to second
|
|
Batting: RHB Wade Rowdon
|
0-0: Called Strike 0-1: Ball 1-1: Fly out, F7 (Flyball, 7S, EV 92.5 MPH)
|
|
Batting: RHB Ramiro Gutierrez
|
0-0: Fly out, F9 (Line Drive, 9, EV 93.8 MPH)
|
| Bottom of the 1st over - 0 runs, 1 hit, 0 errors, 2 left on base; Jacksonville 2 - Savannah 0 |
| TOP OF THE 2ND |
|
Jacksonville Suns batting - Pitching for Savannah Indians : RHP Jeffrey Horne
|
|
Batting: LHB Dave Baker
|
0-0: Ball 1-0: Ball 2-0: Called Strike 2-1: Ball 3-1: Fly out, F8 (Flyball, 8LXD, EV 95.0 MPH)
|
|
Batting: LHB Michael Kelly
|
0-0: Ball 1-0: SINGLE (Line Drive, 8RS, EV 106.9 MPH)
|
|
Batting: SHB Joe Morales
|
0-0: Grounds into double play, 4-6-3 (Groundball, 4, EV 101.9 MPH)
|
| Top of the 2nd over - 0 runs, 1 hit, 0 errors, 0 left on base; Jacksonville 2 - Savannah 0 |
| BOTTOM OF THE 2ND |
|
Savannah Indians batting - Pitching for Jacksonville Suns : LHP Stephen Hartery
|
|
Batting: LHB Roberto Hernandez
|
0-0: Ball 1-0: Called Strike 1-1: Swinging Strike 1-2: Ball 2-2: Fly out, F7 (Flyball, 78D, EV 96.3 MPH)
|
|
Batting: RHB Eddie Vargas
|
0-0: Ball 1-0: Called Strike 1-1: Swinging Strike 1-2: Fly out, F8 (Flyball, 8RD, EV 90.0 MPH)
|
|
Batting: RHB Jeff Hearron
|
0-0: Called Strike 0-1: Called Strike 0-2: Ball 1-2: Strikes out swinging
|
| Bottom of the 2nd over - 0 runs, 0 hits, 0 errors, 0 left on base; Jacksonville 2 - Savannah 0 |
| TOP OF THE 3RD |
|
Jacksonville Suns batting - Pitching for Savannah Indians : RHP Jeffrey Horne
|
|
Batting: RHB Mark Nocciolo
|
0-0: Fly out, F5 (Flyball, 5D, EV 86.9 MPH)
|
|
Batting: RHB Lyle Brackenridge
|
0-0: Called Strike 0-1: Ball 1-1: Swinging Strike 1-2: Ball 2-2: Strikes out swinging
|
|
Batting: RHB Jeff Spisok
|
0-0: Ball 1-0: Foul Ball, location: 2F 1-1: Swinging Strike 1-2: Strikes out swinging
|
| Top of the 3rd over - 0 runs, 0 hits, 0 errors, 0 left on base; Jacksonville 2 - Savannah 0 |
| BOTTOM OF THE 3RD |
|
Savannah Indians batting - Pitching for Jacksonville Suns : LHP Stephen Hartery
|
|
Batting: RHB Mario Diaz
|
0-0: Called Strike 0-1: Ground out 6-3 (Groundball, 56, EV 108.8 MPH)
|
|
Batting: RHB Angel Salazar
|
0-0: Swinging Strike 0-1: Ground out 6-3 (Groundball, 6M, EV 76.9 MPH)
|
|
Batting: LHB Kelvin Torve
|
0-0: Foul Ball, location: 2F 0-1: Ball 1-1: Ball 2-1: Foul Ball, location: 2F 2-2: Fly out, F8 (Line Drive, 8RD, EV 94.4 MPH)
|
| Bottom of the 3rd over - 0 runs, 0 hits, 0 errors, 0 left on base; Jacksonville 2 - Savannah 0 |
| TOP OF THE 4TH |
|
Jacksonville Suns batting - Pitching for Savannah Indians : RHP Jeffrey Horne
|
|
Batting: LHB Andy Carlton
|
0-0: Ball 1-0: Ball 2-0: Foul Ball, location: 2F 2-1: Foul Ball, location: 2F 2-2: Foul Ball, location: 2F 2-2: Ball 3-2: Fly out, F7 (Flyball, 7D, EV 86.3 MPH)
|
|
Batting: RHB Edward Packard
|
0-0: Ball 1-0: SOLO HOME RUN (Flyball, 7D, EV 100.6 MPH), Distance : 360 ft
|
|
Batting: LHB Pete M O'Brien
|
0-0: Ball 1-0: Fly out, F6 (Popup, 6MS, EV 74.4 MPH)
|
|
Batting: LHB Dave Baker
|
0-0: Called Strike 0-1: Swinging Strike 0-2: Strikes out swinging
|
| Top of the 4th over - 1 run, 1 hit, 0 errors, 0 left on base; Jacksonville 3 - Savannah 0 |
| BOTTOM OF THE 4TH |
|
Savannah Indians batting - Pitching for Jacksonville Suns : LHP Stephen Hartery
|
|
Batting: RHB Jim Paciorek
|
0-0: Called Strike 0-1: Ball 1-1: Called Strike 1-2: Foul Ball, location: 2F 1-2: Foul Ball, location: 2F 1-2: Ball 2-2: Foul Ball, location: 2F 2-2: Fly out, F2 (Popup, 2RF, EV 72.5 MPH)
|
|
Batting: RHB Wade Rowdon
|
0-0: Ball 1-0: Called Strike 1-1: Ball 2-1: Called Strike 2-2: Ball 3-2: Fly out, F9 (Flyball, 9S, EV 88.8 MPH)
|
|
Batting: RHB Ramiro Gutierrez
|
0-0: Ground out 5-3 (Groundball, 56S, EV 87.5 MPH)
|
| Bottom of the 4th over - 0 runs, 0 hits, 0 errors, 0 left on base; Jacksonville 3 - Savannah 0 |
| TOP OF THE 5TH |
|
Jacksonville Suns batting - Pitching for Savannah Indians : RHP Jeffrey Horne
|
|
Batting: LHB Michael Kelly
|
0-0: Ball 1-0: Swinging Strike 1-1: Foul Ball, location: 2F 1-2: Ball 2-2: Ball 3-2: Strikes out swinging
|
|
Batting: SHB Joe Morales
|
0-0: Ball 1-0: Ball 2-0: Swinging Strike 2-1: Ball 3-1: Base on Balls
|
|
Batting: RHB Mark Nocciolo
|
0-0: Called Strike 0-1: Ball Pickoff Throw to First - Out! 1-3 1-1: Fly out, F6 (Popup, 6MD, EV 51.9 MPH)
|
| Top of the 5th over - 0 runs, 0 hits, 0 errors, 0 left on base; Jacksonville 3 - Savannah 0 |
| BOTTOM OF THE 5TH |
|
Savannah Indians batting - Pitching for Jacksonville Suns : LHP Stephen Hartery
|
|
Batting: LHB Roberto Hernandez
|
0-0: Ball 1-0: Foul Ball, location: 2F 1-1: Ball 2-1: Called Strike 2-2: Ball 3-2: Fly out, F9 (Line Drive, 9D, EV 93.8 MPH)
|
|
Batting: RHB Eddie Vargas
|
0-0: Ball 1-0: Reached on error, E4 (Groundball, 4, EV 81.3 MPH)
|
|
Batting: RHB Jeff Hearron
|
0-0: Ball 1-0: Ball 2-0: Called Strike 2-1: Ball 3-1: Base on Balls Eddie Vargas to second
|
|
Batting: RHB Mario Diaz
|
0-0: Ball 1-0: Ball 2-0: Foul Ball, location: 2F 2-1: Fielders Choice at 2nd, 6-4 (Groundball, 6M, EV 89.4 MPH) Eddie Vargas to third
|
|
Batting: RHB Angel Salazar
|
0-0: Ball 1-0: Ball 2-0: Fielders Choice at 2nd, 6-4 (Groundball, 6, EV 85.6 MPH)
|
| Bottom of the 5th over - 0 runs, 0 hits, 1 error, 2 left on base; Jacksonville 3 - Savannah 0 |
| TOP OF THE 6TH |
|
Jacksonville Suns batting - Pitching for Savannah Indians : RHP Jeffrey Horne
|
|
Batting: RHB Lyle Brackenridge
|
0-0: Foul Ball, location: 2F 0-1: Ground out 6-3 (Groundball, 6M, EV 81.9 MPH)
|
|
Batting: RHB Jeff Spisok
|
0-0: Foul Ball, location: 2F 0-1: Foul Ball, location: 2F 0-2: Ground out 4-3 (Groundball, 4S, EV 73.8 MPH)
|
|
Batting: LHB Andy Carlton
|
0-0: Ball 1-0: Ball 2-0: Ball 3-0: Base on Balls
|
|
Batting: RHB Edward Packard
|
0-0: Ball 1-0: Called Strike 1-1: Ball 2-1: Foul Ball, location: 2F 2-2: Ball 3-2: Strikes out swinging
|
| Top of the 6th over - 0 runs, 0 hits, 0 errors, 1 left on base; Jacksonville 3 - Savannah 0 |
| BOTTOM OF THE 6TH |
|
Savannah Indians batting - Pitching for Jacksonville Suns : LHP Stephen Hartery
|
|
Batting: LHB Kelvin Torve
|
0-0: Called Strike 0-1: Called Strike 0-2: Strikes out swinging
|
|
Batting: RHB Jim Paciorek
|
0-0: Ball 1-0: Ball 2-0: Called Strike 2-1: SINGLE (Line Drive, 8RM, EV 103.1 MPH)
|
|
Batting: RHB Wade Rowdon
|
0-0: Swinging Strike 0-1: Foul Ball, location: 2F 0-2: Foul Ball, location: 2F 0-2: Ball 1-2: Foul Ball, location: 2F 1-2: Foul Ball, location: 2F 1-2: Ball 2-2: Foul Ball, location: 2F 2-2: Strikes out swinging
|
|
Batting: RHB Ramiro Gutierrez
|
0-0: Called Strike 0-1: Foul Ball, location: 2F 0-2: Ball 1-2: Ball 2-2: Foul Ball, location: 2F 2-2: Strikes out swinging
|
| Bottom of the 6th over - 0 runs, 1 hit, 0 errors, 1 left on base; Jacksonville 3 - Savannah 0 |
| TOP OF THE 7TH |
|
Jacksonville Suns batting - Pitching for Savannah Indians : RHP Jeffrey Horne
|
|
Batting: LHB Pete M O'Brien
|
0-0: SOLO HOME RUN (Flyball, 89XD, EV 98.8 MPH), Distance : 422 ft
|
|
Batting: LHB Dave Baker
|
0-0: Ball 1-0: Called Strike 1-1: Ball 2-1: Ball 3-1: Called Strike 3-2: SOLO HOME RUN (Flyball, 9D, EV 105.0 MPH), Distance : 355 ft
|
|
Pitching: RHP John Dopson
|
|
|
Batting: LHB Michael Kelly
|
0-0: Swinging Strike 0-1: Ball 1-1: Foul Ball, location: 2F 1-2: Ball 2-2: Strikes out looking
|
|
Batting: SHB Joe Morales
|
0-0: Foul Ball, location: 2F 0-1: Ball 1-1: Ground out 6-3 (Groundball, 6MS, EV 88.8 MPH)
|
|
Batting: RHB Mark Nocciolo
|
0-0: Ball 1-0: Foul Ball, location: 2F 1-1: Foul Ball, location: 2F 1-2: Strikes out swinging
|
| Top of the 7th over - 2 runs, 2 hits, 0 errors, 0 left on base; Jacksonville 5 - Savannah 0 |
| BOTTOM OF THE 7TH |
|
Savannah Indians batting - Pitching for Jacksonville Suns : LHP Stephen Hartery
|
|
Batting: LHB Roberto Hernandez
|
0-0: Ball 1-0: Ball 2-0: Ball 3-0: Called Strike 3-1: Base on Balls
|
|
Batting: RHB Eddie Vargas
|
0-0: Called Strike 0-1: Ball 1-1: Ball 2-1: SINGLE (Line Drive, 78M, EV 98.1 MPH) Roberto Hernandez to second
|
|
Batting: RHB Jeff Hearron
|
0-0: Fly out, F8 (Flyball, 8LXD, EV 105.0 MPH) Runner from 2nd tags up, SAFE at 3rd, no throw by CF
|
|
Batting: RHB Mario Diaz
|
0-0: Ball 1-0: Ball 2-0: Foul Ball, location: 2F 2-1: Foul Ball, location: 2F 2-2: Foul Ball, location: 2F 2-2: Ball 3-2: Fielders Choice at 2nd, 6-4 (Groundball, 6, EV 109.4 MPH) Roberto Hernandez scores
|
|
Batting: RHB Angel Salazar
|
0-0: SINGLE (Line Drive, 7LS, EV 105.0 MPH) Mario Diaz to second
|
|
Batting: LHB Kelvin Torve
|
0-0: Ball 1-0: Foul Ball, location: 2F 1-1: Ball 2-1: Ground out 4-3 (Groundball, 34, EV 95.6 MPH)
|
| Bottom of the 7th over - 1 run, 2 hits, 0 errors, 2 left on base; Jacksonville 5 - Savannah 1 |
| TOP OF THE 8TH |
|
Jacksonville Suns batting - Pitching for Savannah Indians : RHP John Dopson
|
|
Batting: RHB Lyle Brackenridge
|
0-0: Ball 1-0: SINGLE (Flyball, 3D, EV 90.0 MPH)
|
|
Batting: RHB Jeff Spisok
|
0-0: Called Strike 0-1: Swinging Strike 0-2: Fly out, F8 (Flyball, 89S, EV 76.9 MPH)
|
|
Batting: LHB Andy Carlton
|
0-0: Called Strike 0-1: Foul Ball, location: 2F 0-2: Ball 1-2: Foul Ball, location: 2F 1-2: Ground out 3-1 (Groundball, 34S, EV 76.3 MPH) Lyle Brackenridge to second
|
|
Batting: RHB Edward Packard
|
0-0: Called Strike 0-1: Fly out, F8 (Flyball, 8LXD, EV 96.9 MPH)
|
| Top of the 8th over - 0 runs, 1 hit, 0 errors, 1 left on base; Jacksonville 5 - Savannah 1 |
| BOTTOM OF THE 8TH |
|
Savannah Indians batting - Pitching for Jacksonville Suns : LHP Stephen Hartery
|
|
Batting: RHB Jim Paciorek
|
0-0: Ball 1-0: Swinging Strike 1-1: Called Strike 1-2: Ball 2-2: Strikes out swinging
|
|
Batting: RHB Wade Rowdon
|
0-0: Ball 1-0: Called Strike 1-1: Foul Ball, location: 2F 1-2: Fly out, F8 (Flyball, 8LXD, EV 86.9 MPH)
|
|
Batting: RHB Ramiro Gutierrez
|
0-0: Called Strike 0-1: Swinging Strike 0-2: Fly out, F9 (Flyball, 9D, EV 85.6 MPH)
|
| Bottom of the 8th over - 0 runs, 0 hits, 0 errors, 0 left on base; Jacksonville 5 - Savannah 1 |
| TOP OF THE 9TH |
|
Jacksonville Suns batting - Pitching for Savannah Indians : RHP John Dopson
|
|
Batting: LHB Pete M O'Brien
|
0-0: Ball 1-0: Called Strike 1-1: Foul Ball, location: 2F 1-2: Fly out, F8 (Flyball, 78XD, EV 82.5 MPH)
|
|
Batting: LHB Dave Baker
|
0-0: SINGLE (Groundball, 6MD, EV 106.3 MPH)
|
|
Batting: LHB Michael Kelly
|
0-0: Ball 1-0: Ball 2-0: Called Strike 2-1: Foul Ball, location: 2F 2-2: Ball 3-2: SINGLE (Groundball, 6MD, EV 101.9 MPH) Dave Baker to second
|
|
Batting: SHB Joe Morales
|
0-0: Ball 1-0: 3-RUN HOME RUN (Flyball, 9D, EV 95.6 MPH), Distance : 362 ft
|
|
Batting: RHB Mark Nocciolo
|
0-0: Fly out, F8 (Line Drive, 8LM, EV 87.5 MPH)
|
|
Pinch Hitting: LHB Donald Seeker
|
0-0: Called Strike 0-1: Fly out, F7 (Flyball, 7, EV 93.1 MPH)
|
| Top of the 9th over - 3 runs, 3 hits, 0 errors, 0 left on base; Jacksonville 8 - Savannah 1 |
| BOTTOM OF THE 9TH |
|
Savannah Indians batting - Pitching for Jacksonville Suns : LHP Stephen Hartery
|
|
Now in RF: Donald Seeker
|
|
|
Pinch Hitting: LHB Steve Sbragia
|
0-0: Ball 1-0: DOUBLE (Line Drive, 8RXD, EV 110.0 MPH)
|
|
Pinch Hitting: RHB Dave Engle
|
0-0: Ball 1-0: Called Strike 1-1: DOUBLE (Line Drive, 8LD, EV 105.0 MPH) Steve Sbragia scores
|
|
Pinch Runner at 2nd Angelo Blake:
|
|
|
Batting: RHB Jeff Hearron
|
0-0: Called Strike 0-1: Foul Ball, location: 2F 0-2: Ball 1-2: Fly out, F9 (Flyball, 9D, EV 95.6 MPH) Runner from 2nd tags up, SAFE at 3rd, no throw by RF
|
|
Batting: RHB Mario Diaz
|
0-0: Fly out, F8 (Flyball, 8LD, EV 87.5 MPH) Runner from 3rd tags up, SCORES, no throw by CF
|
|
Batting: RHB Angel Salazar
|
0-0: Swinging Strike 0-1: Called Strike 0-2: Fly out, F9 (Flyball, 9D, EV 106.9 MPH)
|
| Bottom of the 9th over - 2 runs, 2 hits, 0 errors, 0 left on base; Jacksonville 8 - Savannah 3 |
|